SL
THUNDER BAY NORTHERN LIONS BC @ D.C. DIVIDED
07/13/2029
 
TOP OF THE 1ST
Thunder Bay Northern Lions BC batting - Pitching for D.C. Divided : RHP Wally Copeland
Pitching: RHP Wally Copeland
Batting: LHB Ramón Gómez 0-0: Ball
1-0: Fly out, F7 (Flyball, 7S)
Batting: RHB Rafael Pueblo 0-0: Called Strike
0-1: Ball
1-1: Foul Ball, location: 2F
1-2: Ground out 6-3 (Groundball, 6)
Batting: RHB Gabriel Rodríguez 0-0: Foul Ball, location: 2F
0-1: Foul Ball, location: 2F
0-2: Ball
1-2: Ball
2-2: Ground out U3 (Groundball, 34)
Top of the 1st over - 0 runs, 0 hits, 0 errors, 0 left on base; Thunder Bay 0 - D.C. 0
BOTTOM OF THE 1ST
D.C. Divided batting - Pitching for Thunder Bay Northern Lions BC : RHP Rafael Rodríguez
Pitching: RHP Rafael Rodríguez
Batting: RHB Roberto Maestas 0-0: Ball
1-0: SINGLE (Line Drive, 7S)
Batting: RHB Arturo Rodríguez 0-0: Ball
1-0: Called Strike
1-1: Ball
2-1: Foul Ball, location: 2F
2-2: Ball
3-2: Ground out 5-3 (Groundball, 56)
Roberto Maestas to second
Batting: LHB Neil Lawson 0-0: Fly out, F8 (Flyball, 8LD)
Batting: RHB Wilfred McLaughlin 0-0: Ball
1-0: Ball
2-0: Ball
3-0: Fly out, F9 (Line Drive, 9D)
Bottom of the 1st over - 0 runs, 1 hit, 0 errors, 1 left on base; Thunder Bay 0 - D.C. 0
TOP OF THE 2ND
Thunder Bay Northern Lions BC batting - Pitching for D.C. Divided : RHP Wally Copeland
Batting: SHB Carlos Rodríguez 0-0: Called Strike
0-1: Ball
1-1: Called Strike
1-2: SINGLE (Groundball, 4MD)
Batting: RHB Keith Fish 0-0: Called Strike
0-1: Called Strike
0-2: Ball
1-2: Strikes out swinging
Batting: RHB Carlos Padilla 0-0: Ball
1-0: Fly out, F8 (Flyball, 8LXD)
Batting: RHB Xavier Pérez 0-0: Ball
1-0: Ball
2-0: Ball
3-0: Base on Balls
Carlos Rodríguez to second
Batting: RHB Denis Higgins 0-0: Called Strike
0-1: Ground out U3 (Groundball, 3)
Top of the 2nd over - 0 runs, 1 hit, 0 errors, 2 left on base; Thunder Bay 0 - D.C. 0
BOTTOM OF THE 2ND
D.C. Divided batting - Pitching for Thunder Bay Northern Lions BC : RHP Rafael Rodríguez
Batting: LHB Obidiah Lewis 0-0: Called Strike
0-1: Ball
1-1: Foul Ball, location: 2F
1-2: Ball
2-2: Fly out, F8 (Line Drive, 89M)
Batting: RHB Mario Castillo 0-0: Called Strike
0-1: Ball
1-1: Foul Ball, location: 2F
1-2: Foul Ball, location: 2F
1-2: Ball
2-2: Foul Ball, location: 2F
2-2: Fly out, F8 (Flyball, 8RD)
Batting: RHB Julián Salcido 0-0: SINGLE (Line Drive, 4MD)
Batting: RHB Rubén Alvarado 0-0: Ball
1-0: Ground out 5-3 (Groundball, 56S)
Bottom of the 2nd over - 0 runs, 1 hit, 0 errors, 1 left on base; Thunder Bay 0 - D.C. 0
TOP OF THE 3RD
Thunder Bay Northern Lions BC batting - Pitching for D.C. Divided : RHP Wally Copeland
Batting: RHB Augusto Encarnación 0-0: Called Strike
0-1: Ball
1-1: SINGLE (Flyball, 4D)
Batting: LHB Ramón Gómez 0-0: Fly out, F8 (Line Drive, 8RM)
Batting: RHB Rafael Pueblo 0-0: Fielders Choice at 2nd, 4-6 (Groundball, 4)
Batting: RHB Gabriel Rodríguez 0-0: Ball
1-0: Fly out, F5 (Line Drive, 56)
Top of the 3rd over - 0 runs, 1 hit, 0 errors, 1 left on base; Thunder Bay 0 - D.C. 0
BOTTOM OF THE 3RD
D.C. Divided batting - Pitching for Thunder Bay Northern Lions BC : RHP Rafael Rodríguez
Batting: LHB Sal Bradshaw 0-0: Ball
1-0: Foul Ball, location: 2F
1-1: Fly out, F6 (Popup, 6M)
Batting: RHB Roberto Maestas 0-0: Called Strike
0-1: DOUBLE (Line Drive, 78D)
Batting: RHB Arturo Rodríguez 0-0: Ball
1-0: Ball
2-0: Ball
3-0: Foul Ball, location: 2F
3-1: Base on Balls
Batting: LHB Neil Lawson 0-0: Fly out, F9 (Flyball, 89M)
Batting: RHB Wilfred McLaughlin 0-0: Fly out, F8 (Flyball, 8LD)
Bottom of the 3rd over - 0 runs, 1 hit, 0 errors, 2 left on base; Thunder Bay 0 - D.C. 0
TOP OF THE 4TH
Thunder Bay Northern Lions BC batting - Pitching for D.C. Divided : RHP Wally Copeland
Batting: SHB Carlos Rodríguez 0-0: Ball
1-0: Ball
2-0: Ground out 5-3 (Groundball, 56)
Batting: RHB Keith Fish 0-0: Ball
1-0: Called Strike
1-1: Ball
2-1: Swinging Strike
2-2: Strikes out swinging
Batting: RHB Carlos Padilla 0-0: Called Strike
0-1: Ball
1-1: Ball
2-1: Fly out, F7 (Flyball, 7)
Top of the 4th over - 0 runs, 0 hits, 0 errors, 0 left on base; Thunder Bay 0 - D.C. 0
BOTTOM OF THE 4TH
D.C. Divided batting - Pitching for Thunder Bay Northern Lions BC : RHP Rafael Rodríguez
Batting: LHB Obidiah Lewis 0-0: Ball
1-0: Ball
2-0: Ball
3-0: Base on Balls
Batting: RHB Mario Castillo 0-0: Ball
1-0: Ball
2-0: Foul Ball, location: 2F
2-1: Fly out, F7 (Flyball, 78D)
Batting: RHB Julián Salcido 0-0: Fly out, F8 (Flyball, 8RD)
Batting: RHB Rubén Alvarado 0-0: Fielders Choice at 2nd, 6-4 (Groundball, 6)
Bottom of the 4th over - 0 runs, 0 hits, 0 errors, 1 left on base; Thunder Bay 0 - D.C. 0
TOP OF THE 5TH
Thunder Bay Northern Lions BC batting - Pitching for D.C. Divided : RHP Wally Copeland
Batting: RHB Xavier Pérez 0-0: Ball
1-0: Foul Ball, location: 2F
1-1: Foul Ball, location: 2F
1-2: Foul Ball, location: 2F
1-2: DOUBLE (Line Drive, 78M)
Batting: RHB Denis Higgins 0-0: Ball
1-0: Called Strike
1-1: DOUBLE (Line Drive, 9LS)
Xavier Pérez scores
Batting: RHB Augusto Encarnación 0-0: Ball
1-0: Ball
2-0: Ball
3-0: Swinging Strike
3-1: Foul Ball, location: 2F
3-2: Base on Balls
Batting: LHB Ramón Gómez 0-0: Fielders Choice at 2nd, 6-4 (Groundball, 6)
Denis Higgins to third
Batting: RHB Rafael Pueblo 0-0: SINGLE (Line Drive, 34)
Denis Higgins scores
Ramón Gómez to second
Batting: RHB Gabriel Rodríguez 0-0: Called Strike
0-1: Ball
1-1: Fielders Choice at 2nd, 3-6 (Groundball, 34)
Ramón Gómez to third
Batting: SHB Carlos Rodríguez 0-0: Called Strike
0-1: Fly out, F8 (Flyball, 89M)
Top of the 5th over - 2 runs, 3 hits, 0 errors, 2 left on base; Thunder Bay 2 - D.C. 0
BOTTOM OF THE 5TH
D.C. Divided batting - Pitching for Thunder Bay Northern Lions BC : RHP Rafael Rodríguez
Batting: LHB Sal Bradshaw 0-0: Swinging Strike
0-1: Swinging Strike
0-2: Ground out U3 (Groundball, 34)
Pitching: LHP José Flores
Batting: RHB Roberto Maestas 0-0: Ball
1-0: Called Strike
1-1: Ball
2-1: Ball
3-1: Foul Ball, location: 2F
3-2: Base on Balls
Batting: RHB Arturo Rodríguez 0-0: Ball
1-0: Foul Ball, location: 2F
1-1: Ball
2-1: SINGLE (Line Drive, 78S)
Roberto Maestas to second
Batting: LHB Neil Lawson 0-0: SINGLE (Line Drive, 9S)
Roberto Maestas to third
Arturo Rodríguez to second
Runner from 3rd tries for Home, SAFE, throw made home
Batting: RHB Wilfred McLaughlin 0-0: Ball
1-0: SINGLE (Line Drive, 56D)
Arturo Rodríguez to third
Neil Lawson to second
Runner from 3rd tries for Home, SAFE, no throw
Batting: LHB Obidiah Lewis 0-0: Foul Ball, location: 2F
0-1: Swinging Strike
0-2: Ball
1-2: Grounds into double play, 6-4-3 (Groundball, 6MD)
Bottom of the 5th over - 2 runs, 3 hits, 0 errors, 1 left on base; Thunder Bay 2 - D.C. 2
TOP OF THE 6TH
Thunder Bay Northern Lions BC batting - Pitching for D.C. Divided : RHP Wally Copeland
Batting: RHB Keith Fish 0-0: Swinging Strike
0-1: Called Strike
0-2: SINGLE (Line Drive, 6D)
Batting: RHB Carlos Padilla 0-0: Ball
1-0: Bunted foul
1-1: Bunted foul
1-2: Ball
2-2: Fly out, F6 (Popup, 6S)
Batting: RHB Xavier Pérez 0-0: Swinging Strike
0-1: Ball
1-1: Ball
2-1: Fielders Choice at 2nd, 6-4 (Groundball, 6M)
Batting: RHB Denis Higgins 0-0: Called Strike
0-1: Fly out, F8 (Flyball, 8RM)
Top of the 6th over - 0 runs, 1 hit, 0 errors, 1 left on base; Thunder Bay 2 - D.C. 2
BOTTOM OF THE 6TH
D.C. Divided batting - Pitching for Thunder Bay Northern Lions BC : LHP José Flores
Pitching: RHP Jurgen Sagebrecht
Batting: RHB Mario Castillo 0-0: Called Strike
0-1: Ball
1-1: Ball
2-1: Foul Ball, location: 2F
2-2: Strikes out looking
Batting: RHB Julián Salcido 0-0: Called Strike
0-1: Ball
1-1: Foul Ball, location: 2F
1-2: Fly out, F7 (Flyball, 7)
Batting: RHB Rubén Alvarado 0-0: Called Strike
0-1: Foul Ball, location: 2F
0-2: Ball
1-2: Foul Ball, location: 2F
1-2: Fly out, F6 (Popup, 6D)
Bottom of the 6th over - 0 runs, 0 hits, 0 errors, 0 left on base; Thunder Bay 2 - D.C. 2
TOP OF THE 7TH
Thunder Bay Northern Lions BC batting - Pitching for D.C. Divided : RHP Wally Copeland
Batting: RHB Augusto Encarnación 0-0: Ball
1-0: Ball
2-0: Fly out, F7 (Flyball, 7D)
Batting: LHB Ramón Gómez 0-0: Ball
1-0: DOUBLE (Line Drive, 7LS)
Batting: RHB Rafael Pueblo 0-0: Called Strike
0-1: Swinging Strike
0-2: Foul Ball, location: 2F
0-2: Ball
1-2: Ground out 5-3 (Groundball, 5S)
Ramón Gómez to third
Batting: RHB Gabriel Rodríguez 0-0: Foul Ball, location: 2F
0-1: Foul Ball, location: 2F
0-2: Foul Ball, location: 2F
0-2: Foul Ball, location: 2F
0-2: DOUBLE (Line Drive, 78D)
Ramón Gómez scores
Pitching: LHP José Sandoval
Batting: SHB Carlos Rodríguez 0-0: Ground out 5-3 (Groundball, 56S)
Top of the 7th over - 1 run, 2 hits, 0 errors, 1 left on base; Thunder Bay 3 - D.C. 2
BOTTOM OF THE 7TH
D.C. Divided batting - Pitching for Thunder Bay Northern Lions BC : RHP Jurgen Sagebrecht
Batting: LHB Sal Bradshaw 0-0: Called Strike
0-1: Ball
1-1: Swinging Strike
1-2: Ball
2-2: Ball
3-2: Foul Ball, location: 2F
3-2: SINGLE (Groundball, 34D)
Batting: RHB Roberto Maestas 0-0: Ball
1-0: Sac Bunt - play at first, batter OUT! 2-4
Sal Bradshaw to second
Batting: RHB Arturo Rodríguez 0-0: Foul Ball, location: 2F
0-1: Swinging Strike
0-2: Foul Ball, location: 2F
0-2: Foul Ball, location: 2F
0-2: Ball
1-2: Foul Ball, location: 2F
1-2: 2-RUN HOME RUN (Flyball, 7LD), Distance : 380 ft
Pitching: RHP Bayram Tanaoglu
Batting: LHB Neil Lawson 0-0: Ball
1-0: Swinging Strike
1-1: Foul Ball, location: 2F
1-2: Foul Ball, location: 2F
1-2: SINGLE (Groundball, 6MD)
Batting: RHB Wilfred McLaughlin 0-0: Ball
Balk!
Neil Lawson to second
1-0: Ball
2-0: Ball
3-0: Called Strike
3-1: Called Strike
3-2: Base on Balls
Batting: LHB Obidiah Lewis 0-0: Foul Ball, location: 2F
0-1: DOUBLE (Line Drive, 7LM)
Neil Lawson scores
Wilfred McLaughlin to third
Batting: RHB Mario Castillo 0-0: Ball
1-0: DOUBLE (Line Drive, 78D)
Wilfred McLaughlin scores
Obidiah Lewis scores
Pitching: RHP Júlio Palma
Batting: RHB Julián Salcido 0-0: Ball
1-0: Ball
2-0: Ball
3-0: Called Strike
3-1: Fly out, F7 (Flyball, 7)
Batting: RHB Rubén Alvarado 0-0: Fly out, F8 (Flyball, 78M)
Bottom of the 7th over - 5 runs, 5 hits, 0 errors, 1 left on base; Thunder Bay 3 - D.C. 7
TOP OF THE 8TH
Thunder Bay Northern Lions BC batting - Pitching for D.C. Divided : LHP José Sandoval
Batting: RHB Keith Fish 0-0: DOUBLE (Flyball, 78D)
Batting: RHB Carlos Padilla 0-0: Ball
1-0: SINGLE (Groundball, 34D)
Keith Fish to third
Runner from 3rd tries for Home, SAFE, no throw
Batting: RHB Xavier Pérez 0-0: Fly out, F7 (Flyball, 7LD)
Batting: RHB Denis Higgins 0-0: Swinging Strike
0-1: Ball
1-1: Foul Ball, location: 2F
1-2: Strikes out swinging
Batting: RHB Augusto Encarnación 0-0: Ball
1-0: SINGLE (Groundball, 56) (infield hit)
Carlos Padilla to second
Batting: LHB Ramón Gómez 0-0: Foul Ball, location: 2F
0-1: Ball
1-1: Foul Ball, location: 2F
1-2: Strikes out swinging
Top of the 8th over - 1 run, 3 hits, 0 errors, 2 left on base; Thunder Bay 4 - D.C. 7
BOTTOM OF THE 8TH
D.C. Divided batting - Pitching for Thunder Bay Northern Lions BC : RHP Júlio Palma
Batting: LHB Sal Bradshaw 0-0: Fly out, F7 (Flyball, 7)
Batting: RHB Roberto Maestas 0-0: DOUBLE (Line Drive, 8RXD)
Batting: RHB Arturo Rodríguez 0-0: Ball
1-0: Ball
2-0: Ball
3-0: Base on Balls
Batting: LHB Neil Lawson 0-0: Ball
Roberto Maestas steals 3rd base
Arturo Rodríguez to second
1-0: SINGLE (Flyball, 4D)
Roberto Maestas scores
Arturo Rodríguez to third
Runner from 3rd tries for Home, SAFE, no throw
Batting: RHB Wilfred McLaughlin 0-0: Called Strike
0-1: Called Strike
0-2: SINGLE (Groundball, 56D)
Neil Lawson to second
Batting: LHB Obidiah Lewis 0-0: Ball
1-0: Ball
2-0: Ball
Neil Lawson steals 3rd base
Wilfred McLaughlin to second
3-0: Base on Balls
Batting: RHB Mario Castillo 0-0: Grounds into fielders choice 4-2 (Groundball, P)
Wilfred McLaughlin to third
Obidiah Lewis to second
Batting: RHB Julián Salcido 0-0: Ball
1-0: Fielders Choice at 2nd, 6-4 (Groundball, 6)
Bottom of the 8th over - 2 runs, 3 hits, 0 errors, 3 left on base; Thunder Bay 4 - D.C. 9
TOP OF THE 9TH
Thunder Bay Northern Lions BC batting - Pitching for D.C. Divided : LHP José Sandoval
Batting: RHB Rafael Pueblo 0-0: Fly out, F8 (Flyball, 8LM)
Batting: RHB Gabriel Rodríguez 0-0: Called Strike
0-1: Ground out 1-3 (Groundball, P)
Batting: SHB Carlos Rodríguez 0-0: Ball
1-0: Ball
2-0: Called Strike
2-1: Ball
3-1: Foul Ball, location: 2F
3-2: Base on Balls
Batting: RHB Keith Fish 0-0: Fly out, F9 (Flyball, 9S)
Top of the 9th over - 0 runs, 0 hits, 0 errors, 1 left on base; Thunder Bay 4 - D.C. 9
Tuesday, December 19th, 2017 - OOTP Baseball 18.8 Build 76